AoeStats
← ZORRRO

Arabia

510380228Analyzed
1v1 RM · 2d ago on Sep 30, 2026· 47m 9s· 2 players
Game mode
Random Map
Map size
Tiny (2 player)
Population
200
Speed
Normal
Resources
Standard
Victory
Conquest
Starting age
Dark Age
Ending age
Imperial Age
RankedLock teamsTeams togetherTeam positionsShared explorationLock speedFull tech treeHidden civsTurbo modeCheats
Victory
Defeat
🇸🇪 Franks · Sweden
890
+16
🇲🇦 Malay · Morocco
897
-16
ZORRRO
1:14 Loom
2:22 Loom
8:07 Loom
10:08 Feudal Age
10:45 Double-Bit Axe
18:19 Castle Age
21:01 Forging
29:11 Iron Casting
28:41 Scale Barding Armor
32:30 Elite Skirmisher
33:48 Husbandry
36:07 Chain Barding Armor
35:38 Fletching
41:44 Imperial Age
42:46 Cavalier
44:48 Conscription
actros.12v
7:31 Loom
10:29 Feudal Age
10:20 Double-Bit Axe
16:35 Forging
22:45 Castle Age
21:46 Pikeman
22:27 Squires
22:41 Husbandry
26:32 Iron Casting
25:47 Fletching
25:58 Padded Archer Armor
27:48 Bow Saw
27:21 Horse Collar
32:18 Gold Mining
34:12 Heavy Plow
35:57 Bodkin Arrow
36:17 Leather Archer Armor
46:47 Light Cavalry
Connection lost

Rejoining the realm…

Still unreachable

The connection could not be restored.

Session expired

The server has moved on; the page needs a fresh start.